 Dungeon Crawl Stone Soup version 0.29.1-2-gbd0b4ee654 (webtiles) character file.

Game seed: 16598264830354449984

738 killerjaq the Basher (level 7, -1/57 HPs)
             Began as a Minotaur Berserker on Nov 16, 2022.
             Was a Priest of Trog.
             Slain by an orc
             ... wielding a +0 flail
              (6 damage)
             ... on level 5 of the Dungeon.
             The game lasted 00:45:36 (4807 turns).

killerjaq the Basher (Minotaur Berserker)           Turns: 4807, Time: 00:45:36

Health: -1/57      AC:  9    Str: 23    XL:     7   Next: 46%
Magic:  6/6        EV:  8    Int:  4    God:    Trog [***...]
Gold:   195        SH:  0    Dex: 10    Spells: 6/6 levels left

rFire   . . .      SeeInvis .   b - +0 flail (vorpal)
rCold   . . .      Faith    .   (no shield)
rNeg    . . .      Spirit   .   c - +0 chain mail
rPois   .          Reflect  .   (helmet restricted)
rElec   .          Harm     .   (no cloak)
rCorr   +          Rampage  .   (no gloves)
Will    .....                   u - +0 pair of boots
Stlth   ..........              (no amulet)
HPRegen 0.19/turn               i - ring of resist corrosion
MPRegen 0.10/turn               (no ring)

@: no status effects
A: horns 2, retaliatory headbutt
a: Renounce Religion, Berserk, Trog's Hand


You were on level 5 of the Dungeon.
You worshipped Trog.
Trog was most pleased with you.
You visited 1 branch of the dungeon, and saw 5 of its levels.

You collected 195 gold pieces.

Inventory:

Hand Weapons
 b - a +0 vorpal flail (weapon)
 p - a +0 sling
 r - a +1 dagger of draining
Missiles
 o - 37 stones (quivered)
 q - 8 poisoned darts
 B - 2 boomerangs
 Y - 3 javelins
Armour
 c - a +0 chain mail (worn)
 f - a +0 scale mail of poison resistance
 k - a +0 scale mail
 u - a +0 pair of boots (worn)
Jewellery
 i - a ring of resist corrosion (left hand)
Wands
 h - a wand of iceblast (7)
Scrolls
 d - a scroll of poison {unknown}
 j - 3 scrolls of fear {unknown}
 s - 2 scrolls of fog {unknown}
 v - a scroll of immolation {unknown}
 J - a scroll of acquirement {unknown}
 M - a scroll of teleportation {unknown}
 N - a scroll of vulnerability {unknown}
 Z - a scroll of noise {unknown}
Potions
 a - a potion of ambrosia {unknown}
 e - a potion of heal wounds {unknown}
 g - 3 potions of attraction
 t - a potion of haste {unknown}
 F - 3 potions of resistance
 O - a potion of invisibility
 X - a potion of curing {unknown}


   Skills:
 - Level 3.6 Fighting
 + Level 10.6 Maces & Flails
 - Level 2.4 Armour
 - Level 2.1 Dodging


You had 6 spell levels left.
You didn't know any spells.
Your spell library contained the following spells:

 Spells                   Type           Power      Damage    Failure   Level
 Slow                     Hex            0%         N/A       99%         1
 Confusing Touch          Hex            0%         N/A       100%        3
 Gell's Gravitas          Tloc           0%         N/A       100%        3
 Teleport Other           Tloc           0%         N/A       100%        3
 Vampiric Draining        Necr           0%         2d6       100%        3
 Summon Lightning Spire   Summ/Air       0%         N/A       100%        4
 Dispersal                Tloc           0%         N/A       100%        6
 Storm Form               Tmut/Air       0%         N/A       100%        7
 Maxwell's Capacitive Co  Air            0%         ∞         100%        8


Dungeon Overview and Level Annotations

Branches:
Dungeon (5/15)
 Temple: D:4-7

Altars:
Cheibriados
Hepliaklqana
Nemelex Xobeh
Qazlal

Shops:
D:4 =

Annotations:
D:5 Menkaure


Innate Abilities, Weirdness & Mutations

You have a pair of horns on your head.
You reflexively headbutt those who attack you in melee.


Message History

You start waiting.
An adder comes into view.
The adder hisses angrily.
The adder bites you but does no damage.
You sock the adder!
You kill the adder!
Trog accepts your kill.
You open the door.
An orc and Menkaure come into view.
The orc shouts!
Menkaure casts a spell at you.
You struggle to resist.
Found 29 gold pieces.
You see here an adder corpse.
Menkaure's bandages flutter.
Menkaure mumbles some strange words.
Menkaure seems to speed up.
Menkaure rustles in an indecipherable tongue.
Menkaure points at you and mumbles some strange words.
You struggle to resist.
Menkaure forgets how to speak, silenced by the ages.
Menkaure calls on the powers of darkness!
The orc convulses!
Your body is wracked with pain!
Menkaure calls on the powers of darkness!
The orc convulses!
Your body is wracked with pain!
* * * LOW HITPOINT WARNING * * *
Menkaure calls on the powers of darkness!
The orc convulses!
Your body is wracked with pain!
* * * LOW HITPOINT WARNING * * *
Menkaure grins.
Menkaure calls on the powers of darkness!
Your body is wracked with pain!
* * * LOW HITPOINT WARNING * * *
You open the door.
Menkaure calls on the powers of darkness!
Your body is wracked with pain!
* * * LOW HITPOINT WARNING * * *
There is an open door here.
The orc attacks as you move away! The orc hits you with a +0 flail.
You die...

.......##.#...##.###.#
#########.......<# #.# ####
####.##### #.### ...# #.#
#.#.## ##.## ##'## #....# ....#
##...## ###.##### ##..#
##.....## #.#...# .#..#
##.......## ##.#...#
....####........@####......####
.......'...).....o............#
.....###.........####..M......#
.....# ##.......## #.........#
.###.# ##.....## ####...#### .#
#.# ##...## #...# ###### ##+##
#...# #...## #.# ##.## .....##
#.# #.#


You could see Menkaure and an orc.

Vanquished Creatures
  Edmund (D:4)
  A phantom (D:5)
  2 scorpions
  3 hounds
  An orc priest (D:5)
  A scorpion zombie (D:3)
  An orc wizard (D:3)
  A hound zombie (D:3)
  12 adders
  3 gnolls (D:3)
  3 adder skeletons (D:3)
  An adder zombie (D:3)
  A worm (D:2)
  13 orcs
  3 ball pythons
  4 bats
  3 endoplasms
  5 giant cockroaches
  5 goblins
  3 hobgoblins (D:3)
  5 jackals
  5 quokkas
  A ball python skeleton (D:3)
  A ball python zombie (D:3)
  A jackal skeleton (D:3)
  5 kobolds
  6 rats
91 creatures vanquished.

Vanquished Creatures (others)
  11 withered plants (D:3)
11 creatures vanquished.

Grand Total: 102 creatures vanquished

Notes
Turn   | Place    | Note
-------+----------+-------------------------------------------
     0 | D:1      | killerjaq the Minotaur Berserker began the quest for the
                  | Orb.
     0 | D:1      | Reached XP level 1. HP: 19/19 MP: 0/0
   376 | D:1      | Reached skill level 4 in Maces & Flails
   674 | D:2      | Noticed a scorpion
   680 | D:2      | Killed a scorpion
   681 | D:2      | Reached skill level 5 in Maces & Flails
   681 | D:2      | Reached XP level 2. HP: 20/26 MP: 1/1
   681 | D:2      | Reached XP level 3. HP: 24/31 MP: 2/2
   681 | D:2      | Reached XP level 4. HP: 30/39 MP: 3/3
   817 | D:2      | Reached skill level 6 in Maces & Flails
  1401 | D:3      | Reached ** piety under Trog
  1414 | D:3      | Reached skill level 7 in Maces & Flails
  1414 | D:3      | Reached XP level 5. HP: 27/45 MP: 4/4
  2237 | D:3      | Reached skill level 8 in Maces & Flails
  2840 | D:4      | Reached XP level 6. HP: 47/51 MP: 5/5
  2847 | D:4      | Found Niss's Jewellery Boutique.
  3155 | D:4      | Reached skill level 9 in Maces & Flails
  3162 | D:4      | Noticed Edmund
  3212 | D:4      | Killed Edmund
  3213 | D:4      | Reached XP level 7. HP: 19/57 MP: 6/6
  3564 | D:4      | Reached *** piety under Trog
  3567 | D:4      | Found a sparkling altar of Nemelex Xobeh.
  3656 | D:4      | Found a hazy altar of Hepliaklqana.
  3671 | D:4      | Found a snail-covered altar of Cheibriados.
  3687 | D:4      | Found a stormy altar of Qazlal.
  3756 | D:5      | Entered Level 5 of the Dungeon
  3777 | D:5      | Reached skill level 10 in Maces & Flails
  4758 | D:5      | Noticed Menkaure
  4807 | D:5      | Slain by an orc

Illustrated notes

Levels and vault maps discovered:
D:1:      ebering_trefoil_twist, layout_loops_corners,
          hellmonk_ecumenical_altar_zigzags
D:2:      minmay_razor_zed, layout_loops_ring, minmay_misc_feat_more_columns
D:3:      layout_basic, serial_undead, serial_undead_f, serial_undead_c,
          serial_undead_d, serial_undead_e, serial_undead_f, serial_undead_d,
          serial_undead_a, serial_undead_b, serial_undead_c, serial_undead_f
D:4:      layout_rooms, nemelex_dance_club_becter,
          minmay_overflow_temple_star_quad, minmay_temple_entry_poolview,
          serial_shops, nicolae_shop_waterfront, nicolae_shop_firing_range,
          uniq_edmund
D:5:      kennysheep_six_static_rooms, layout_loops_corners, uniq_menkaure

Skill      XL: |  1  2  3  4  5  6  7 |
---------------+----------------------+-----
Maces & Flails | 5 7 8 9 10 | 10.6
Fighting       | |  3.6
Armour         | |  2.4
Dodging        | |  2.1

Action                   |  1- 3 |  4- 6 |  7- 9 || total
-------------------------+-------+-------+-------++-------
Melee: Mace              |    16 |   234 |     7 ||   257
       Headbutt          |     3 |    46 |     9 ||    58
       Punch             |       |     3 |     1 ||     4
       Flail             |       |       |    49 ||    49
  Use: Scroll            |       |     4 |       ||     4
Armor: Scale mail        |     3 |    99 |     3 ||   105
       Chain mail        |       |       |    24 ||    24
Dodge: Dodged            |     6 |    88 |    13 ||   107
